AoeStats
← ELPURE

Arabia

507755334Analyzed
1v1 RM · 12d ago on Sep 19, 2026· 79m 44s· 2 players
Game mode
Random Map
Map size
Tiny (2 player)
Population
200
Speed
Normal
Resources
Standard
Victory
Conquest
Starting age
Dark Age
Ending age
Imperial Age
RankedLock teamsTeams togetherTeam positionsShared explorationLock speedFull tech treeHidden civsTurbo modeCheats
Victory
Defeat
🇺🇸 Armenians · United States
1917
+19
🇬🇧 Slavs · United Kingdom
1994
-19
ELPURE
6:30 Loom
8:57 Feudal Age
9:00 Man-at-Arms
13:16 Fletching
15:14 Padded Archer Armor
17:54 Horse Collar
24:16 Castle Age
22:31 Double-Bit Axe
24:54 Bodkin Arrow
27:12 Bow Saw
27:03 Heavy Plow
38:08 Leather Archer Armor
37:45 Gold Mining
42:26 Imperial Age
43:10 Bracer
43:57 Elite Composite Bowman
45:52 Ring Archer Armor
52:42 Wheelbarrow
51:59 Stone Mining
52:44 Gold Shaft Mining
52:21 Forging
52:55 Scale Barding Armor
54:03 Iron Casting
55:11 Chemistry
54:32 Ballistics
54:50 Chain Barding Armor
54:16 Light Cavalry
55:57 Bloodlines
56:48 Blast Furnace
57:17 Husbandry
59:16 Capped Ram
60:13 Cavalier
HiddenZebra
8:26 Feudal Age
9:08 Double-Bit Axe
9:48 Loom
11:23 Fletching
17:17 Scale Barding Armor
23:15 Castle Age
21:49 Padded Archer Armor
22:01 Horse Collar
23:03 Bloodlines
23:37 Stone Mining
26:17 Bow Saw
27:05 Chain Barding Armor
27:57 Heavy Plow
28:35 Wheelbarrow
28:27 Gold Mining
29:42 Husbandry
31:02 Gold Shaft Mining
31:50 Forging
31:53 Devotion
35:16 Heavy Plow
35:37 Bodkin Arrow
50:15 Imperial Age
49:17 Iron Casting
48:46 Town Watch
50:20 Capped Ram
53:12 Blast Furnace
53:41 Siege Ram
55:30 Plate Barding Armor
55:03 Light Cavalry
62:33 Conscription
64:03 Two-Man Saw
67:52 Hussar
71:59 Pikeman
72:41 Scale Mail Armor
79:31 Chain Mail Armor
Connection lost

Rejoining the realm…

Still unreachable

The connection could not be restored.

Session expired

The server has moved on; the page needs a fresh start.